 Dungeon Crawl Stone Soup version 0.20.1-1-g8b1a95d (webtiles) character file.

8091 galech the Grappler (level 11, -22/102 HPs)
             Began as a Troll Monk on Aug 31, 2017.
             Was a High Priest of Okawaru.
             Annihilated by a two-headed ogre
             ... wielding a +0 giant club
              (24 damage)
             ... on level 10 of the Dungeon.
             The game lasted 00:16:15 (8248 turns).

galech the Grappler (Troll Monk)                    Turns: 8248, Time: 00:16:16

Health: -22/102    AC:  8    Str: 24    XL:     11   Next: 5%
Magic:  10/10      EV: 12    Int:  6    God:    Okawaru [*****.]
Gold:   244        SH:  0    Dex: 12    Spells: 10/10 levels left

rFire    . . .     SeeInvis +     - Unarmed
rCold    . . .     Gourm    +   (no shield)
rNeg     . . .     Faith    .   H - +0 troll leather armour
rPois    +         Spirit   .   (helmet restricted)
rElec    .         Reflect  .   D - +0 cloak {rPois}
rCorr    .         Harm     +   (gloves unavailable)
MR       +....                  (boots unavailable)
Stlth    ++........             L - amulet of harm
Regen    1.1/turn               E - ring of protection from magic
MPRegen  0.2/turn               F - ring of see invisible

@: about to teleport, drained
A: unfitting armour, claws 3, fast metabolism 3, gourmand, regeneration 1,
shaggy fur 1, tough skin 2
a: Heroism, Finesse, Renounce Religion


You were on level 10 of the Dungeon.
You worshipped Okawaru.
Okawaru was extremely pleased with you.
You were full.

You visited 2 branches of the dungeon, and saw 11 of its levels.
You also visited: Ossuary.

You collected 556 gold pieces.
You spent 312 gold pieces at shops.

Inventory:

Hand Weapons
 I - the +9 long sword of Irritation {venom, Dex+4}
   (You found it on level 9 of the Dungeon)

   It poisons the flesh of those it strikes.
   It affects your dexterity (+4).
Armour
 D - a +0 cloak of poison resistance (worn)
 H - a +0 troll leather armour (worn)
Jewellery
 g - an uncursed ring of poison resistance
 x - an uncursed ring of resist corrosion
 C - an uncursed ring of magical power
 E - a ring of protection from magic (left claw)
 F - a ring of see invisible (right claw)
 L - an amulet of harm (around neck)
Wands
 J - a wand of random effects (23/48)
Scrolls
 a - 2 scrolls of identify
 c - 4 scrolls of enchant armour
 d - 6 scrolls of remove curse
 i - a scroll of magic mapping {unknown}
 j - 6 scrolls of teleportation
 k - 4 scrolls of enchant weapon
 n - a scroll of fog
 q - a scroll of blinking
 r - a scroll of fear
 y - 2 scrolls of amnesia
 z - a scroll of immolation
 K - a scroll of acquirement {unknown}
 N - 3 scrolls of random uselessness {unknown}
Potions
 e - 3 potions of heal wounds
 f - 4 potions of haste {unknown}
 h - 2 potions of might {unknown}
 l - a potion of agility
 m - a potion of invisibility
 s - 5 potions of curing {unknown}
 t - 3 potions of berserk rage {unknown}
 u - 3 potions of degeneration {unknown}
 v - a potion of brilliance
 w - a potion of cancellation
 A - 2 potions of flight
 M - 2 potions of magic {unknown}
Books
 p - a book of Maledictions

   Spells                             Type                      Level
   a - Corona                         Hexes                        1
   b - Ensorcelled Hibernation        Hexes/Ice                    2
   c - Confuse                        Hexes                        3
   d - Tukima's Dance                 Hexes                        3
   e - Dazzling Spray                 Conjuration/Hexes            3
 B - a book of Necromancy

   Spells                             Type                      Level
   a - Pain                           Necromancy                   1
   b - Animate Skeleton               Necromancy                   1
   c - Vampiric Draining              Necromancy                   3
   d - Regeneration                   Charms/Necromancy            3
   e - Animate Dead                   Necromancy                   4
   f - Control Undead                 Necromancy                   4
 G - a book of Frost

   Spells                             Type                      Level
   a - Freeze                         Ice                          1
   b - Throw Frost                    Conjuration/Ice              2
   c - Ozocubu's Armour               Charms/Ice                   3
   d - Throw Icicle                   Conjuration/Ice              4
   e - Summon Ice Beast               Ice/Summoning                4
 O - a book of Cantrips

   Spells                             Type                      Level
   a - Confusing Touch                Hexes                        1
   b - Animate Skeleton               Necromancy                   1
   c - Summon Small Mammal            Summoning                    1
   d - Apportation                    Translocation                1
Comestibles
 b - 9 bread rations
 o - 3 royal jellies


   Skills:
 + Level 5.0(4.8) Fighting
 + Level 1.2(1.0) Armour
 + Level 6.7(6.5) Dodging
 + Level 3.5(3.4) Stealth
 + Level 13.1(12.9) Unarmed Combat
 + Level 1.0(0.8) Invocations


You had 10 spell levels left.
You didn't know any spells.

Dungeon Overview and Level Annotations

Branches:
Dungeon (10/15)            Temple (1/1) D:4
   Lair: D:8-11         Orc: D:9-12

Altars:
Ashenzari
Cheibriados
Dithmenos
Elyvilon
Fedhas
Gozag
Hepliaklqana
Kikubaaqudgha
Makhleb
Nemelex Xobeh
Okawaru
Qazlal
Ru
Sif Muna
Trog
Uskayaw
Vehumet
Xom
Yredelemnul
Zin
The Shining One

Shops:
D:8 ?


Innate Abilities, Weirdness & Mutations

You are too large for most types of armour.
You have claws for hands.
Your metabolism is lightning-fast.
You like to eat raw meat.
Your natural rate of healing is unusually fast.
You are covered in fur. (AC +1)
You have very tough skin. (AC +2)


Message History

You are too injured to fight recklessly!
You are too injured to fight recklessly!
You are too injured to fight recklessly!
You are too injured to fight recklessly!
You are too injured to fight recklessly!
You are too injured to fight recklessly!
You are too injured to fight recklessly!
You are too injured to fight recklessly!
You are too injured to fight recklessly!
You are too injured to fight recklessly!
As you read the scroll of teleportation, it crumbles to dust.
You feel strangely unstable.
The centaur warrior shoots an arrow.
The arrow closely misses you.
The centaur warrior shoots an arrow.
The arrow hits you!
* * * LOW HITPOINT WARNING * * *
The two-headed ogre closely misses you. The two-headed ogre misses you.
The two-headed ogre hits you with a giant club!
* * * LOW HITPOINT WARNING * * *
The two-headed ogre hits you with a dire flail!!
You die...

#.....#.#.
#.........#
#.......#..
#.........
##.......#.#
#......... #...)..#
#.# #..((O.##...
#..(.@.#...
#.(.>........
...#####........####
.# ................#
#.#
...####........##
#... ####.....##
#..## #.......#
###.....
##.......###....#
###.............#.#


You could see a two-headed ogre.

Vanquished Creatures
  3 two-headed ogres
  The ghost of galech the Ruffian, a novice TrMo (D:5)
  Joseph (D:7)
  A troll (D:9)
  Prince Ribbit (D:5)
  A spriggan (D:7)
  The ghost of Shufflesack the Skirmisher, an amateur DsCK of Xom (D:3)
  A human (D:2)
  A hungry ghost (D:9)
  Duvessa (D:5)
  3 orc warriors
  A black bear (D:8)
  An ice beast (D:5)
  5 phantoms
  5 ogres
  3 centaurs
  A crocodile (D:8)
  A big kobold (D:9)
  An elf zombie (Ossuary)
  5 bullfrogs
  A gnoll sergeant (D:6)
  Dowan (D:5)
  A water moccasin zombie (D:7)
  2 scorpions
  9 killer bees
  3 wights (D:9)
  7 crimson imps
  4 howler monkeys
  2 centaur zombies
  2 bullfrog zombies
  5 hounds
  A human zombie (Ossuary)
  A jelly (D:9)
  2 orc priests
  2 orc wizards (D:4)
  2 iguanas
  8 worker ants
  A big kobold zombie (Ossuary)
  A hound zombie (D:7)
  2 mummies (Ossuary)
  2 hound skeletons
  A howler monkey skeleton (D:9)
  A howler monkey zombie (D:8)
  9 adders
  11 gnolls
  2 shadow imps (D:5)
  An ooze (D:4)
  An adder skeleton (D:5)
  3 adder zombies
  4 worms
  3 dart slugs
  6 leopard geckos
  19 orcs
  10 bats
  9 giant cockroaches
  4 goblins
  4 hobgoblins
  12 jackals
  7 quokkas
  4 frilled lizards
  6 hobgoblin zombies (Ossuary)
  A jackal zombie (Ossuary)
  16 kobolds
  11 kobold zombies (Ossuary)
  10 orc zombies (Ossuary)
  6 rats
  2 rat zombies (Ossuary)
260 creatures vanquished.

Notes
Turn   | Place    | Note
-------+----------+-------------------------------------------
     0 | D:1      | galech the Troll Monk began the quest for the Orb.
     0 | D:1      | Reached XP level 1. HP: 22/22 MP: 0/0
   283 | D:1      | Reached XP level 2. HP: 27/29 MP: 1/1
   931 | D:2      | Found a runed door.
   931 | D:2      | Noticed a human
   932 | D:2      | Found a basalt altar of Yredelemnul.
   936 | D:2      | Reached XP level 3. HP: 27/36 MP: 2/2
   984 | D:2      | Found a sacrificial altar of Ru.
   985 | D:2      | Found a sparkling altar of Nemelex Xobeh.
  1006 | D:2      | Found a stormy altar of Qazlal.
  1152 | D:2      | Found a white marble altar of Elyvilon.
  1263 | D:2      | Reached XP level 4. HP: 42/45 MP: 3/3
  1319 | D:2      | Reached skill level 4 in Unarmed Combat
  1680 | D:3      | Found a shimmering altar of Xom.
  1838 | D:3      | Noticed Shufflesack's ghost (amateur DsCK)
  1899 | D:3      | Killed Shufflesack's ghost
  1899 | D:3      | Reached skill level 5 in Unarmed Combat
  1899 | D:3      | Reached XP level 5. HP: 26/53 MP: 4/4
  2112 | D:3      | Reached XP level 6. HP: 56/61 MP: 5/5
  2365 | D:3      | Found a stormy altar of Qazlal.
  2666 | D:4      | Noticed an orc warrior
  2670 | D:4      | Reached skill level 6 in Unarmed Combat
  2716 | D:3      | Killed an orc warrior
  2716 | D:3      | Reached XP level 7. HP: 33/67 MP: 6/6
  2902 | D:4      | Found a staircase to the Ecumenical Temple.
  2927 | Temple   | Entered the Ecumenical Temple
  3016 | Temple   | Became a worshipper of Warmaster Okawaru
  3016 | Temple   | Reached * piety under Okawaru
  3016 | Temple   | Reached ** piety under Okawaru
  3334 | D:5      | Entered Level 5 of the Dungeon
  3335 | D:5      | Found a shimmering altar of Xom.
  3420 | D:5      | Found a deep blue altar of Sif Muna.
  3443 | D:5      | Reached skill level 7 in Unarmed Combat
  3461 | D:5      | HP: 3/67 [orc priest/whip (3)]
  3661 | D:5      | Noticed Prince Ribbit
  3674 | D:5      | Killed Prince Ribbit
  3674 | D:5      | Reached skill level 8 in Unarmed Combat
  3674 | D:5      | Reached XP level 8. HP: 47/75 MP: 7/7
  4008 | D:5      | Noticed Duvessa
  4008 | D:5      | Noticed Dowan
  4020 | D:5      | Killed Duvessa
  4020 | D:5      | Reached *** piety under Okawaru
  4029 | D:5      | Killed Dowan
  4249 | D:5      | Noticed galech's ghost (novice TrMo)
  4257 | D:5      | Killed galech's ghost
  4257 | D:5      | Reached skill level 9 in Unarmed Combat
  4482 | D:2      | Reached **** piety under Okawaru
  4482 | D:2      | Reached skill level 5 in Dodging
  4482 | D:2      | Reached XP level 9. HP: 80/84 MP: 5/8
  4798 | D:6      | Reached skill level 10 in Unarmed Combat
  5244 | D:7      | Noticed Joseph
  5279 | D:7      | Killed Joseph
  6097 | D:7      | Reached skill level 11 in Unarmed Combat
  6163 | D:8      | Noticed a two-headed ogre
  6170 | D:8      | Killed a two-headed ogre
  6170 | D:8      | Reached ***** piety under Okawaru
  6170 | D:8      | Reached XP level 10. HP: 64/94 MP: 6/9
  6253 | D:8      | Found a sand-covered staircase.
  6263 | Ossuary  | Entered an ossuary
  6515 | D:8      | Found a sacrificial altar of Ru.
  6592 | D:8      | Received a gift from Okawaru
  6904 | D:8      | Reached skill level 12 in Unarmed Combat
  6998 | D:8      | Found Isunaise's Magic Scroll Boutique.
  7005 | D:8      | Bought 2 scrolls of enchant armour for 195 gold pieces
  7005 | D:8      | Bought a scroll of identify for 26 gold pieces
  7005 | D:8      | Bought a scroll of identify for 26 gold pieces
  7005 | D:8      | Bought a scroll of identify for 26 gold pieces
  7005 | D:8      | Bought a scroll of teleportation for 39 gold pieces
  7132 | D:9      | Noticed a two-headed ogre
  7398 | D:9      | Noticed a two-headed ogre
  7542 | D:9      | Killed a two-headed ogre
  7542 | D:9      | Reached skill level 1 in Invocations
  7700 | D:9      | Noticed a two-headed ogre
  7714 | D:9      | HP: 1/94 [two-headed ogre/giant spiked club (14)]
  7808 | D:9      | Killed a two-headed ogre
  7847 | D:9      | Reached skill level 13 in Unarmed Combat
  7864 | D:9      | Got a smoking long sword
  7878 | D:9      | Reached skill level 1 in Armour
  7883 | D:9      | Reached XP level 11. HP: 68/101 MP: 10/10
  7900 | D:9      | Found a sparkling altar of Nemelex Xobeh.
  8073 | D:9      | Identified the +9 long sword of Irritation {venom, Dex+4} (You found it on level 9 of the Dungeon)
  8092 | D:9      | Reached skill level 5 in Fighting
  8109 | D:10     | Entered Level 10 of the Dungeon
  8238 | D:10     | Noticed a two-headed ogre
  8243 | D:10     | Noticed a centaur warrior
  8248 | D:10     | HP: 2/102 [two-headed ogre/giant club (12)]
  8248 | D:10     | Annihilated by a two-headed ogre

Skill      XL: |  1  2  3  4  5  6  7  8  9 10 11 |
---------------+----------------------------------+-----
Fighting       | 3 4 5 |  5.0
Unarmed Combat | 5 6 8 9 11 13 | 13.1
Dodging        | 3 4 5 6 |  6.7
Stealth        | 2 3 |  3.5
Invocations    | 1 |  1.0
Armour         | 1 |  1.2

Action                   |  1- 3 |  4- 6 |  7- 9 | 10-12 || total
-------------------------+-------+-------+-------+-------++-------
Melee: Unarmed           |    91 |   155 |   285 |   290 ||   821
       Punch             |     1 |     5 |    11 |    17 ||    34
Invok: Heroism           |       |       |     3 |     2 ||     5
  Use: Scroll            |       |       |     1 |    13 ||    14
 Stab: Sleeping          |     3 |     1 |     4 |     2 ||    10
       Paralysed         |       |       |       |     1 ||     1
  Eat: Chunk             |    17 |    13 |    32 |    20 ||    82
       Bread ration      |       |       |       |     1 ||     1
Armor: Robe              |    34 |    78 |    40 |    34 ||   186
       Troll leather arm |       |       |       |    12 ||    12
Dodge: Dodged            |    58 |   120 |   127 |   153 ||   458
